 Dungeon Crawl Stone Soup version 0.31-a0-532-g28f74ba3e5 (webtiles) character file.

Game seed: 15331354421442793329

128834 heikuro the Severer (level 17, -4/136 HPs)
             Began as a Formicid Fighter on Aug 12, 2023.
             Was a High Priest of Okawaru.
             Succumbed to a wolf spider's poison
             ... on level 1 of the Spider Nest.
             The game lasted 01:22:10 (22469 turns).

heikuro the Severer (Formicid Fighter)             Turns: 22469, Time: 01:22:10

Health: -4/136     AC: 37    Str: 27      XL:     17   Next: 60%
Magic:  26/26      EV:  7    Int:  9 (10) God:    Okawaru [*****.]
Gold:   1705       SH: 13    Dex: 13      Spells: 16/16 levels left

rFire   + . .        a - +5 executioner's axe (venom)
rCold   . . .        i - +0 kite shield
rNeg    + . .        l - +3 plate armour {rF+}
rPois   .            (helmet unavailable)
rElec   +            T - +0 cloak {rCorr}
rCorr   +            P - +2 pair of gloves {Stlth+}
SInv    +            Z - +2 pair of boots "Zuukkaeps" {+Blink rN+}
Will    +....        f - amulet of regeneration Stlth
                     q - +4 ring of protection
HPRegen 1.22/turn    p - +4 ring of protection
MPRegen 0.20/turn

%: no passive effects
@: lethally poisoned (-4 -> -32)
A: permanent stasis, dig shafts and tunnels, antennae 3, four strong arms, fangs
1, iridescent scales 1, screaming 1, electricity resistance
a: Dig, Shaft Self, Renounce Religion, Heroism, Finesse, Duel


You were on level 1 of the Spider Nest.
You worshipped Okawaru.
Okawaru was extremely pleased with you.
You visited 5 branches of the dungeon, and saw 25 of its levels.
You also visited: Ossuary, Gauntlet and Volcano.

You collected 2745 gold pieces.
You spent 1040 gold pieces at shops.

Inventory:

Hand Weapons
 a - a +5 executioner's axe of venom (weapon)
 b - the +7 sling of Hepliaklqana's Envy {elec, Int+3}
   (You found it on level 5 of the Lair of Beasts)

   Int+3:     It affects your intelligence (+3).
 e - the +4 great mace "Uzet" {freeze, rPois Int+4}
   (You took it off an ogre on level 8 of the Dungeon)

   Int+4:     It affects your intelligence (+4).
   rPois:     It protects you from poison
 N - a +2 broad axe of flaming
Missiles
 y - 8 curare-tipped darts
 K - a throwing net
 S - 17 boomerangs
Armour
 i - a +0 kite shield (worn)
 l - a +3 plate armour of fire resistance (worn)
 r - a +1 pair of gloves of hurling
 w - a scarf of invisibility
 P - a +2 pair of gloves of stealth (worn)
 T - a +0 cloak of preservation (worn)
 V - the +2 scale mail of Resonance {Will+ Str+3 Int+7}
   (Okawaru gifted it to you on level 14 of the Dungeon)

   Str+3:     It affects your strength (+3).
   Int+7:     It affects your intelligence (+7).
   Will+:     It increases your willpower.
 Z - the +2 pair of boots "Zuukkaeps" (worn) {+Blink rN+}
   (You found it in a Gauntlet)

   rN+:       It protects you from negative energy.
   +Blink:    It lets you blink.
Jewellery
 f - an amulet of regeneration (around neck)
 m - a ring of protection from fire
 p - a +4 ring of protection (right hand)
 q - a +4 ring of protection (left hand)
 M - a ring of resist corrosion
 O - a +5 ring of evasion
 X - a ring of positive energy
Wands
 n - a wand of polymorph (10)
 o - a wand of paralysis (29)
 B - a wand of digging (7)
 C - a wand of light (9)
 Q - a wand of flame (57) (quivered)
 Y - a wand of roots (13)
Scrolls
 c - 2 scrolls of enchant armour
 k - 2 scrolls of silence
 s - 3 scrolls of immolation {unknown}
 t - 8 scrolls of poison
 u - 5 scrolls of fog
 z - 5 scrolls of enchant weapon
 D - a scroll of torment {unknown}
 H - 3 scrolls of summoning {unknown}
 L - 2 scrolls of revelation {unknown}
 U - 7 scrolls of fear
 W - a scroll of brand weapon
Potions
 d - 6 potions of might
 g - 6 potions of brilliance
 h - 2 potions of resistance
 v - 9 potions of curing
 x - 3 potions of mutation
 A - 3 potions of lignification
 E - 6 potions of heal wounds
 G - 3 potions of magic
 I - a potion of cancellation
 J - a potion of experience
 R - 3 potions of enlightenment
Miscellaneous
 j - a tin of tremorstones (2/2)


   Skills:
 + Level 13.1 Fighting
 * Level 15.8 Axes
 - Level 12.6 Ranged Weapons
 + Level 13.0 Armour
 + Level 15.0 Shields
 + Level 12.7 Invocations
 + Level 11.7 Evocations


You had 16 spell levels left.
You didn't know any spells.
Your spell library contained the following spells:

 Spells                   Type           Power      Damage    Failure   Level
 Apportation              Tloc           0%         N/A       99%         1
 Freeze                   Ice            0%         1d3       99%         1
 Sandblast                Erth           0%         2d4       99%         1
 Passwall                 Tmut/Erth      0%         N/A       99%         2
 Sublimation of Blood     Necr           0%         N/A       99%         2
 Frozen Ramparts          Ice            0%         1d1       100%        3
 Gell's Gravitas          Tloc           0%         N/A       100%        3
 Hailstorm                Conj/Ice       0%         3d3       100%        3
 Mephitic Cloud           Conj/Pois/Air  0%         N/A       100%        3
 Ozocubu's Armour         Ice            0%         N/A       100%        3
 Stone Arrow              Conj/Erth      0%         3d7       100%        3
 Teleport Other           Tloc           0%         N/A       100%        3
 Fulminant Prism          Conj/Hex       0%         3d5       100%        4
 Olgreb's Toxic Radiance  Pois           0%         N/A       100%        4
 Petrify                  Tmut/Erth      0%         N/A       100%        4
 Alistair's Intoxication  Tmut/Pois      0%         N/A       100%        5
 Irradiate                Conj/Tmut      0%         3d11      100%        5
 Lee's Rapid Deconstruct  Erth           0%         3d4*      100%        5
 Metabolic Englaciation   Hex/Ice        0%         N/A       100%        5
 Dispersal                Tloc           0%         N/A       100%        6
 Eringya's Noxious Bog    Tmut/Pois      0%         4d6       100%        6
 Discord                  Hex            0%         N/A       100%        8
 Ignition                 Fire           0%         3d3       100%        8
 Animate Armour           Summ/Erth      Unusable   N/A       N/A         4
 Summon Lightning Spire   Summ/Air       Unusable   N/A       N/A         4
 Summon Forest            Summ/Tloc      Unusable   N/A       N/A         5
 Simulacrum               Ice/Necr       Unusable   N/A       N/A         6
 Summon Hydra             Summ           Unusable   N/A       N/A         7

Dungeon Overview and Level Annotations

Branches:
Dungeon (15/15)            Temple (1/1) D:4            Lair (5/5) D:9
  Swamp (0/4) Lair:3       Spider (2/4) Lair:2        Slime (0/5) Lair:5
    Orc (2/2) D:12            Elf (0/3) Orc:2        Vaults (0/5) D:14
 Depths (0/4) D:15        Ossuary (visited)         Volcano (visited)
Gauntlet (visited)

Altars:
Ashenzari
Cheibriados
Dithmenos
Elyvilon
Fedhas
Gozag
Hepliaklqana
Kikubaaqudgha
Makhleb
Nemelex Xobeh
Okawaru
Qazlal
Ru
Sif Muna
Trog
Uskayaw
Vehumet
Wu Jian
Xom
Yredelemnul
Zin
The Shining One

Shops:
D:11 (   D:12 (   D:13 (   D:15 (   Orc:2 =[(*


Innate Abilities, Weirdness & Mutations

You cannot be hasted, slowed, berserked, paralysed or teleported.
You can dig through walls and to a lower floor.
You have a pair of large antennae on your head. (SInv)
Your four strong arms can wield two-handed weapons with a shield.
You have very sharp teeth.
You are partially covered in iridescent scales. (AC +2)
You occasionally shout uncontrollably at your foes.
You are resistant to electric shocks. (rElec)


Message History

Okawaru accepts your kill.
You barely miss the wolf spider. You closely miss the wolf spider.
You feel extremely sick.
The jumping spider leaps!
You block the wolf spider's attack. The wolf spider barely misses you.
The wolf spider hits you! The wolf spider bites you.
The wolf spider hits you but does no damage.
The wolf spider bites you.
* * * LOW HITPOINT WARNING * * *
You block the wolf spider's attack. x2
You closely miss the wolf spider.
The wolf spider is almost dead.
You hit the wolf spider.
You feel extremely sick.
You kill the wolf spider!
Okawaru accepts your kill.
The wolf spider hits you but does no damage.
The wolf spider bites you.
* * * LOW HITPOINT WARNING * * *
You are lethally poisoned!
The wolf spider poisons you!
The wolf spider hits you but does no damage.
The wolf spider bites you but does no damage.
Your Shields skill increases to level 15!
You closely miss the wolf spider.
The wolf spider is almost dead.
* * * LOW HITPOINT WARNING * * *
You feel extremely sick.
You kill the wolf spider!
Okawaru accepts your kill.
Unknown command.
* * * LOW HITPOINT WARNING * * *
You feel extremely sick.
You block the jumping spider's attack. x2
The jumping spider pounces on you but does no damage.
The jumping spider bites you but does no damage.
You slice the jumping spider!!
The jumping spider is poisoned.
Your bite misses the jumping spider.
The jumping spider is heavily wounded.
You die...

#### ##..# #...## ## #
##....### #. ########
##..##...### ##. .....#.##
#..##.#....####.. ....†...##
##..#...#....#... ####†.#†.#
###>..##.####..#..# ####..#
###s@†.#####..#....##
#..#####....####....##.#..#
#..#.##....##.......#....##
#.......#####...>####....# #
##..#.#.......####..##.#####
#..###..^....#......####..#
##..######...#...#.##......
#..##...#...###..###.......
##..##....####..###..######


You could see a jumping spider (very poisoned).

Vanquished Creatures
  Nikola (Spider:1)
  Rupert (Lair:4)
  A ghost moth (Spider:1)
  An orc warlord (Orc:1)
  Nessos (Lair:4)
  A spark wasp (Spider:1)
  A minotaur (Gauntlet)
  Azrael (Orc:2)
  Snorg (Orc:2)
  A yaktaur captain (D:14)
  Josephine (Lair:4)
  An entropy weaver (Spider:1)
  Fannar (Lair:1)
  7 hydras
  2 catoblepae (Lair:5)
  6 two-headed ogres
  6 centaur warriors
  7 boulder beetles
  A death yak (Lair:4)
  2 demonic crawlers (Spider:1)
  Urug (Orc:1)
  3 orc high priests
  A hell knight (Volcano)
  Sonja (Lair:1)
  4 skysharks
  A pharaoh ant (Spider:1)
  3 orb spiders (Spider:1)
  A sun moth (Spider:1)
  8 orc knights
  3 deep elf pyromancers
  The ghost of pokeman the Thaumaturge, a novice DEHW of Vehumet (D:8)
  A bog body (Lair:3)
  A necromancer (D:15)
  2 oklob plants
  4 orc sorcerers
  7 wolf spiders
  A lindwurm (Lair:5)
  8 ugly things
  2 manticores
  5 cyclopes
  12 black mambas
  22 elephants
  5 torpor snails
  2 centaur zombies (D:15)
  A guardian serpent (Lair:5)
  A water nymph (shapeshifter) (D:14)
  A gargoyle (D:13)
  A naga mage (D:15)
  A centaur skeleton (D:15)
  7 komodo dragons
  19 cane toads
  4 kobold demonologists
  8 rime drakes
  An efreet (D:15)
  5 yaktaurs
  5 trolls
  10 polar bears
  5 raiju (Lair:5)
  4 hornets
  6 meliai (D:15)
  9 tarantellas (Spider:1)
  7 blink frogs
  5 dream sheep (Lair:5)
  A wolf spider simulacrum (D:15)
  4 small abominations (Gauntlet)
  A centaur simulacrum (D:15)
  9 slime creatures (D:12)
  6 jumping spiders (Spider:1)
  A shadow (D:12)
  4 culicivoras (Spider:1)
  7 wraiths
  A vampire (D:11)
  42 yaks
  20 wyverns
  A hog (Spider:1)
  2 chaos spawn (Gauntlet)
  4 fire elementals
  A steam dragon (D:8)
  25 redbacks
  3 vampire mosquitoes (D:13)
  6 basilisks
  A neqoxec (Gauntlet)
  2 swamp worms (Lair:3)
  11 wargs
  2 large abominations (Gauntlet)
  24 water moccasins
  16 hell hounds
  3 acid dragons
  The ghost of bahustanut the Chopper, an amateur OgGl (D:3)
  11 black bears (Lair:5)
  2 ice beasts
  2 sky beasts
  29 orc warriors
  9 ogres
  27 centaurs
  28 wolves
  A phantom (D:5)
  6 kobold brigands
  9 bullfrogs
  4 scorpions
  5 wights (D:7)
  5 killer bees (D:9)
  An electric eel (Lair:3)
  4 howler monkeys
  4 hounds
  2 human zombies (Ossuary)
  4 jellies
  8 orc priests
  A gnoll bouda (D:7)
  16 iguanas
  8 orc wizards
  4 sleepcaps
  6 hell rats (Lair:4)
  3 mummies
  Robin (D:2)
  4 gnolls (D:7)
  5 adders
  A shadow imp (D:8)
  A white imp (D:5)
  6 worms
  2 dart slugs
  71 orcs
  4 bats
  7 endoplasms
  4 giant cockroaches
  12 goblins
  16 hobgoblins
  9 jackals
  18 kobolds
  6 quokkas
  3 training dummies (D:11)
  10 ball pythons
  22 frilled lizards
  3 gnoll zombies (Ossuary)
  2 goblin zombies (Ossuary)
  4 hobgoblin zombies (Ossuary)
  3 orc zombies (Ossuary)
  3 rats
857 creatures vanquished.

Vanquished Creatures (others)
  An orc wizard (Orc:2)
1 creature vanquished.

Grand Total: 858 creatures vanquished

Notes
Turn   | Place    | Note
-------+----------+-------------------------------------------
     0 | D:1      | heikuro the Formicid Fighter began the quest for the Orb.
     0 | D:1      | Reached XP level 1. HP: 18/18 MP: 1/1
    96 | D:1      | Reached XP level 2. HP: 16/24 MP: 2/2
   377 | D:1      | Reached XP level 3. HP: 29/29 MP: 3/3
  1073 | D:2      | Reached XP level 4. HP: 37/37 MP: 4/4
  1231 | D:2      | Noticed Robin
  1247 | D:2      | Killed Robin
  1776 | D:3      | Reached XP level 5. HP: 39/42 MP: 5/5
  1776 | D:3      | Found a large runed translucent door.
  1776 | D:3      | Found a large runed translucent door.
  1820 | D:3      | Found a faded altar of an unknown god.
  2014 | D:3      | Reached skill level 5 in Shields
  2072 | D:3      | Noticed bahustanut's ghost (amateur OgGl)
  2269 | D:4      | Found a shimmering altar of Xom.
  2334 | D:4      | Found a staircase to the Ecumenical Temple.
  2348 | D:4      | Reached XP level 6. HP: 45/48 MP: 6/6
  2357 | Temple   | Entered the Ecumenical Temple
  2370 | Temple   | Became a worshipper of Warmaster Okawaru
  2913 | D:5      | Entered Level 5 of the Dungeon
  3052 | D:5      | Noticed a water moccasin
  3063 | D:5      | Killed a water moccasin
  3063 | D:5      | Reached * piety under Okawaru
  3064 | D:5      | Reached XP level 7. HP: 51/55 MP: 7/7
  3176 | D:5      | Reached skill level 5 in Fighting
  3176 | D:5      | Reached skill level 5 in Axes
  3176 | D:5      | Reached skill level 5 in Armour
  3295 | D:5      | Found a white marble altar of Elyvilon.
  3587 | D:6      | Found an opulent altar of Gozag.
  3690 | D:6      | Reached ** piety under Okawaru
  3691 | D:6      | Reached XP level 8. HP: 62/62 MP: 8/8
  3704 | D:6      | Reached skill level 1 in Invocations
  3704 | D:6      | Reached skill level 1 in Evocations
  3745 | D:6      | Found a glowing silver altar of Zin.
  3942 | D:6      | Found a sparkling altar of Nemelex Xobeh.
  4016 | D:6      | Found a stormy altar of Qazlal.
  4028 | D:6      | Identified the +9 hand axe "Loacag" {protect, SInv}
  4185 | D:7      | Reached XP level 9. HP: 56/69 MP: 9/11
  4192 | D:7      | Reached *** piety under Okawaru
  4549 | D:7      | Found a sand-covered staircase.
  4556 | Ossuary  | Entered an ossuary
  4975 | D:8      | Gained mutation: Your body sometimes deteriorates upon
                  | taking damage. [potion of mutation]
  4975 | D:8      | Gained mutation: You are dopey. (Int -2) [potion of
                  | mutation]
  4975 | D:8      | Gained mutation: You do not regenerate when monsters are
                  | visible. [potion of mutation]
  4975 | D:8      | Gained mutation: You are agile. (Dex +4, Str/Int -1)
                  | [potion of mutation]
  4976 | D:8      | Lost mutation: You do not regenerate when monsters are
                  | visible. [potion of mutation]
  4976 | D:8      | Lost mutation: You are dopey. (Int -2) [potion of mutation]
  4976 | D:8      | Gained mutation: You are resistant to electric shocks.
                  | (rElec) [potion of mutation]
  4976 | D:8      | Gained mutation: You have very sharp teeth. [potion of
                  | mutation]
  4976 | D:8      | Gained mutation: Your spells are a little harder to cast,
                  | but a little more powerful. [potion of mutation]
  4977 | D:8      | Lost mutation: You are agile. (Dex +4, Str/Int -1) [potion
                  | of mutation]
  4977 | D:8      | Lost mutation: Your body sometimes deteriorates upon taking
                  | damage. [potion of mutation]
  4977 | D:8      | Gained mutation: You are partially covered in iridescent
                  | scales. (AC +2) [potion of mutation]
  4977 | D:8      | Gained mutation: You occasionally shout uncontrollably at
                  | your foes. [potion of mutation]
  5009 | D:8      | Identified the +4 falchion of the Spheres {flame, Str+3
                  | Dex+5}
  5038 | D:8      | Reached **** piety under Okawaru
  5297 | D:8      | Reached XP level 10. HP: 77/77 MP: 13/13
  5723 | D:8      | Noticed pokeman's ghost (novice DEHW)
  5724 | D:8      | Identified the +4 great mace "Uzet" {freeze, rPois Int+4}
  5725 | D:8      | Found a transporter.
  5733 | D:8      | Found a transporter.
  6027 | D:3      | Killed bahustanut's ghost
  6231 | D:9      | Reached skill level 5 in Invocations
  6302 | D:9      | Noticed a two-headed ogre
  6321 | D:8      | Killed a two-headed ogre
  6405 | D:9      | Reached skill level 5 in Evocations
  6600 | D:9      | Noticed a kobold demonologist
  6600 | D:9      | Noticed a kobold demonologist
  6602 | D:9      | Noticed an orange demon
  6604 | D:9      | Noticed an ice devil
  6607 | D:9      | Noticed an orange demon
  6607 | D:9      | Noticed a sixfirhy
  6655 | D:9      | Noticed an ice devil
  6660 | D:9      | Killed a kobold demonologist
  6661 | D:9      | Reached XP level 11. HP: 66/85 MP: 10/15
  6822 | D:9      | Found a staircase to the Lair.
  6847 | D:9      | Reached ***** piety under Okawaru
  7250 | D:10     | Entered Level 10 of the Dungeon
  7284 | D:10     | Noticed a two-headed ogre
  7299 | D:10     | Killed a two-headed ogre
  7700 | D:10     | Received a gift from Okawaru
  7780 | D:10     | Noticed a two-headed ogre
  7788 | D:10     | Killed a two-headed ogre
  7789 | D:10     | Reached skill level 10 in Axes
  8369 | D:11     | Noticed a purple ugly thing
  8377 | D:11     | Killed a purple ugly thing
  8378 | D:11     | Reached skill level 10 in Shields
  8521 | D:11     | Noticed a manticore
  8527 | D:11     | Killed a manticore
  8528 | D:11     | Reached XP level 12. HP: 62/94 MP: 17/17
  8750 | D:11     | Found Gapax's Firing Range.
  8835 | D:11     | Identified the +9 short sword of the Exceptional God
                  | {protect, rN+ Str+3 Int-3 Dex+6}
  8918 | D:12     | Received a gift from Okawaru
  9062 | D:12     | Found Bufo's Weapon Shoppe.
  9078 | D:12     | Received a gift from Okawaru
  9081 | D:12     | Found a staircase to the Orcish Mines.
  9629 | D:13     | Noticed a centaur warrior
  9637 | D:13     | Killed a centaur warrior
  9664 | D:13     | Noticed a centaur warrior
  9674 | D:13     | Killed a centaur warrior
  9675 | D:13     | Reached XP level 13. HP: 102/102 MP: 19/19
  9835 | D:8      | Killed pokeman's ghost
 10101 | D:13     | Noticed a centaur warrior
 10111 | D:13     | Killed a centaur warrior
 10232 | D:13     | Found Jeha's Antique Weapon Shop.
 10293 | D:13     | Reached skill level 10 in Armour
 10294 | D:13     | Reached skill level 10 in Fighting
 10592 | D:14     | Received a gift from Okawaru
 10784 | D:14     | Noticed a yaktaur captain
 10787 | D:14     | Found a gate to the Vaults.
 10790 | D:14     | Killed a yaktaur captain
 10858 | D:14     | Identified the +2 scale mail of Resonance {Will+ Str+3
                  | Int+7} (Okawaru gifted it to you on level 14 of the
                  | Dungeon)
 10858 | D:14     | Received a gift from Okawaru
 11310 | D:15     | Entered Level 15 of the Dungeon
 11341 | D:15     | Noticed a centaur warrior
 11350 | D:15     | Killed a centaur warrior
 11447 | D:15     | Found a gate leading to a gauntlet.
 11455 | Gauntlet | Entered a Gauntlet
 11455 | Gauntlet | Found a transporter.
 11455 | Gauntlet | Found a transporter.
 11459 | Gauntlet | Found a transporter.
 11459 | Gauntlet | Found a transporter.
 11468 | Gauntlet | Found a transporter.
 11472 | Gauntlet | Found a large runed translucent door.
 11483 | Gauntlet | Found a transporter.
 11491 | Gauntlet | Found a transporter.
 11491 | Gauntlet | Found a transporter.
 11499 | Gauntlet | Found a transporter.
 11505 | Gauntlet | Found a transporter.
 11551 | Gauntlet | Found a transporter.
 11597 | Gauntlet | Found a transporter.
 11599 | Gauntlet | Found a large runed translucent door.
 11599 | Gauntlet | Found a large runed translucent door.
 11600 | Gauntlet | Found a large runed translucent door.
 11600 | Gauntlet | Found a large runed translucent door.
 11601 | Gauntlet | Found a large runed translucent door.
 11601 | Gauntlet | Found a runed translucent door.
 11601 | Gauntlet | Found a runed translucent door.
 11601 | Gauntlet | Found a large runed translucent door.
 11601 | Gauntlet | Found a large runed translucent door.
 11602 | Gauntlet | Found a large runed translucent door.
 11602 | Gauntlet | Found a large runed translucent door.
 11605 | Gauntlet | Found a large runed translucent door.
 11605 | Gauntlet | Found a large runed translucent door.
 11607 | Gauntlet | Found a large runed translucent door.
 11607 | Gauntlet | Found a large runed translucent door.
 11607 | Gauntlet | Found a large runed translucent door.
 11609 | Gauntlet | Found a runed translucent gate.
 11609 | Gauntlet | Found a runed translucent gate.
 11609 | Gauntlet | Found a runed translucent gate.
 11611 | Gauntlet | Found a transporter.
 11622 | Gauntlet | Found a large runed translucent door.
 11624 | Gauntlet | Found a transporter.
 11711 | Gauntlet | Found a transporter.
 11727 | Gauntlet | Found a transporter.
 11975 | Gauntlet | Lost mutation: Your spells are a little harder to cast, but
                  | a little more powerful. [a neqoxec]
 12015 | Gauntlet | Reached XP level 14. HP: 111/111 MP: 14/21
 12024 | Gauntlet | Identified the +2 pair of boots "Zuukkaeps" {+Blink rN+}
 12059 | Gauntlet | Noticed a minotaur
 12068 | Gauntlet | Killed a minotaur
 12395 | D:11     | Bought a manual of Ranged Weapons for 1040 gold pieces
 12539 | D:15     | Found Kitelirr's Weapon Shop.
 12725 | D:15     | Reached skill level 1 in Ranged Weapons
 12811 | D:15     | Reached skill level 10 in Invocations
 12858 | D:15     | Found a staircase to the Depths.
 13125 | D:15     | Received a gift from Okawaru
 13419 | Lair:1   | Entered Level 1 of the Lair of Beasts
 13488 | Lair:1   | Noticed Fannar
 13511 | Lair:1   | Killed Fannar
 13593 | Lair:1   | Noticed Sonja
 13607 | Lair:1   | Killed Sonja
 13888 | Lair:1   | Reached skill level 5 in Ranged Weapons
 14366 | Lair:1   | Got the Precepts of the Shot
 14660 | Lair:2   | Found a hole to the Spider Nest.
 15571 | Lair:3   | Reached XP level 15. HP: 113/119 MP: 22/22
 15726 | Lair:3   | Found a dark tunnel.
 15731 | Volcano  | Entered a volcano
 15754 | Volcano  | Found a bloodstained altar of Trog.
 15895 | Lair:3   | Received a gift from Okawaru
 15959 | Lair:3   | Reached skill level 10 in Evocations
 16180 | Lair:3   | Found a staircase to the Swamp.
 16838 | Lair:4   | Noticed Josephine
 16853 | Lair:4   | Killed Josephine
 17033 | Lair:4   | Received a gift from Okawaru
 17060 | Lair:4   | Noticed Nessos
 17065 | Lair:4   | Killed Nessos
 17241 | Lair:4   | Found an ornate altar of the Wu Jian Council.
 17513 | Lair:4   | Noticed Rupert
 17526 | Lair:4   | Killed Rupert
 17895 | Lair:5   | Entered Level 5 of the Lair of Beasts
 17932 | Lair:5   | Received a gift from Okawaru
 18027 | Lair:5   | Identified the +7 sling of Hepliaklqana's Envy {elec,
                  | Int+3}
 18120 | Lair:5   | Found the crystal ball of Wucad Mu {*channel}
 18273 | Lair:5   | Reached XP level 16. HP: 127/127 MP: 24/24
 18304 | Lair:5   | Reached skill level 10 in Ranged Weapons
 18398 | Lair:5   | Found a staircase to the Slime Pits.
 18992 | Lair:5   | Received a gift from Okawaru
 19143 | Lair:5   | Reached skill level 15 in Axes
 19802 | Orc:1    | Entered Level 1 of the Orcish Mines
 19802 | Orc:1    | Noticed Urug
 19816 | Orc:1    | Killed Urug
 20210 | Orc:2    | Entered Level 2 of the Orcish Mines
 20212 | Orc:2    | Found a staircase to the Elven Halls.
 20552 | Orc:2    | Found Guttiada's Jewellery Shoppe.
 20569 | Orc:2    | Found Uxteocs's Antique Armour Boutique.
 20591 | Orc:2    | Found Uzuoh's Antique Weapon Emporium.
 20598 | Orc:2    | Reached XP level 17. HP: 130/135 MP: 26/26
 20656 | Orc:2    | Noticed Azrael
 20715 | Orc:2    | Noticed Snorg
 20727 | Orc:2    | Killed Snorg
 20789 | Orc:2    | Found Ymo Xige's General Store.
 21051 | Orc:2    | Killed Azrael
 21240 | Spider:1 | Entered Level 1 of the Spider Nest
 21317 | Spider:1 | Received a gift from Okawaru
 21902 | Spider:1 | Noticed Nikola
 21916 | Spider:1 | Killed Nikola
 22040 | Spider:1 | Identified the +1 pair of boots "Telunke" {rF+} (Okawaru
                  | gifted it to you on level 1 of the Spider Nest)
 22040 | Spider:1 | Received a gift from Okawaru
 22467 | Spider:1 | Reached skill level 15 in Shields
 22468 | Spider:1 | HP: 4/136 [poisoned by a wolf spider]
 22469 | Spider:1 | Succumbed to a wolf spider's poison

Illustrated notes

Levels and vault maps discovered:
D:1:      pf_arrival_petrified_forest, layout_loops_corners, st_stairs_14,
          minmay_tetromino_s2
D:2:      layout_basic, uniq_robin
D:3:      layout_basic, ebering_ghost_disaster_area,
          hellmonk_ecumenical_altar_slurped_away
D:4:      layout_loops_cross, mainiacjoe_overflow_paths,
          minmay_temple_entry_stoned_glass, dreamdust_princess_corridor,
          serial_bayou_lagoon_b
D:5:      layout_loops_ring, mainiacjoe_overflow_brackets
D:6:      layout_loops_cross, nicolae_qazlal_scattered_showers,
          mainiacjoe_overflow_small_starburst,
          mainiacjoe_overflow_six_doors_small, mainiacjoe_overflow_alcove_1
D:7:      layout_cave_pools, gup_ossuary_entry_pyramid
D:8:      layout_loops_corners, gammafunk_ghost_smash, hangedman_decor_lopped,
          grunt_ministairs_7
D:9:      layout_basic, minmay_lair_entry_grove, kennysheep_boxes
D:10:     layout_basic, nicolae_hexahallways
D:11:     layout_roguey, nicolae_shop_firing_range
D:12:     layout_long_grid, orc_david_3
D:13:     layout_cave_pools, serial_shops, nicolae_square_shop
D:14:     layout_roguey [special_room_orc], david_vaults_2
D:15:     grunt_enter_depths_magical_seal, layout_loops_ring,
          gauntlet_entry_generic, serial_shops, nicolae_shop_window_shopping,
          kennysheep_pointless_box, minmay_unpleasant_kobolds
Temple:   nicolae_temple_bog_church
Lair:1:   lemuel_reptile_caves, layout_gridlike, uniq_fannar, uniq_sonja
Lair:2:   layout_roguey, nicolae_spider_entry_non_spiders, serial_bayou_shore_b
Lair:3:   layout_roguey, nicolae_swamp_entry_splash_gauntlet, enter_volcano_1,
          chequers_serial_rivers_large_a
Lair:4:   layout_layer_cave, lemuel_oklob_altar, infiniplex_staircase_pool_2,
          uniq_josephine, uniq_rupert, uniq_nessos
Lair:5:   hangedman_lair_tendril_chambers, layout_big_grid,
          hangedman_lair_caniforms_friends, slime_entry_1, patterned_corridor,
          grunt_megastairs_4
Spider:1: layout_spider_delve, uniq_nikola
Spider:2: layout_spider_delve, uniq_kirke
Orc:1:    layout_caves, basic_altar, uniq_urug
Orc:2:    grunt_orc_gardens, layout_caves, grunt_orc_garden, grunt_orc_garden,
          grunt_orc_garden, grunt_orc_garden, uniq_snorg, uniq_azrael

Skill      XL: |  1  2  3  4  5  6  7  8  9 10 11 12 13 14 15 16 17 |
---------------+----------------------------------------------------+-----
Axes           | 3 4 5 6 7 9 10 11 12 13 14 15 | 15.8
Armour         | 4 5 6 7 8 9 10 11 12 13 | 13.0
Fighting       | 4 5 6 7 8 9 10 11 12 13 | 13.1
Shields        | 5 6 7 8 10 11 12 13 14 15 | 15.0
Invocations    | 2 4 5 7 8 9 10 11 12 | 12.7
Evocations     | 2 3 5 6 7 8 9 10 11 | 11.7
Ranged Weapons | 6 9 12 | 12.6

Action                     |  1- 3 |  4- 6 |  7- 9 | 10-12 | 13-15 | 16-18 || total
---------------------------+-------+-------+-------+-------+-------+-------++-------
  Melee: War axe           |    73 |    71 |       |       |       |       ||   144
         Whip              |       |   141 |   145 |       |       |       ||   286
         Hand axe          |       |       |   156 |   281 |       |       ||   437
         Bite              |       |       |     2 |    60 |   118 |   105 ||   285
         Executioner's axe |       |       |       |   155 |   533 |   606 ||  1294
         Great mace        |       |       |       |       |   253 |       ||   253
         Falchion          |       |       |       |       |    17 |       ||    17
         Broad axe         |       |       |       |       |    26 |     3 ||    29
   Fire: Orcbow            |       |       |       |       |     8 |       ||     8
         Sling             |       |       |       |       |    10 |     3 ||    13
 Invoke: Heroism           |       |       |       |     9 |    13 |     9 ||    31
         Finesse           |       |       |       |     2 |     3 |       ||     5
Ability: Dig               |       |       |     1 |       |       |       ||     1
  Evoke: Wand              |       |       |       |       |     1 |       ||     1
         Tin of tremorston |       |       |       |       |       |     1 ||     1
    Use: Scroll            |       |       |     5 |     7 |    10 |     4 ||    26
         Potion            |       |       |     3 |       |     2 |     1 ||     6
   Stab: Petrifying        |       |       |       |       |     1 |       ||     1
         Petrified         |       |       |       |       |       |     2 ||     2
 Armour: Scale mail        |    27 |       |       |       |    69 |       ||    96
         Plate armour      |     3 |   108 |   110 |   226 |   568 |   581 ||  1596
  Dodge: Dodged            |    34 |    44 |   120 |   209 |   354 |   231 ||   992
  Block: Buckler           |     8 |       |       |       |       |       ||     8
         Kite shield       |    11 |   108 |   151 |   281 |   705 |   598 ||  1854

Table legend: (Time is in decaauts)
 A = Elapsed time spent in this place.
 B = Non-inter-level travel time spent in this place.
 C = Inter-level travel time spent in this place.
 D = Time resting spent in this place.
 E = Time spent auto-exploring this place.
 F = Levels seen in this place.
 G = Mean time per level.
                   A        B        C        D        E       F      G
               +--------+--------+--------+--------+--------+-----+--------+
         Total |  22887 |  21047 |   1840 |   1286 |  11730 |  28 |  817.4 |
       Dungeon |  12859 |  11565 |   1294 |    403 |   7405 |  15 |  857.3 |
        Temple |     25 |     25 |      0 |      0 |      0 |   1 |   25.0 |
          Lair |   6435 |   5952 |    483 |    343 |   3007 |   5 | 1287.0 |
   Spider Nest |   1243 |   1232 |     11 |    359 |    347 |   2 |  621.5 |
  Orcish Mines |   1324 |   1273 |     51 |    153 |    607 |   2 |  662.0 |
       Ossuary |    109 |    109 |      0 |      0 |     37 |   1 |  109.0 |
       Volcano |    131 |    131 |      0 |      0 |      0 |   1 |  131.0 |
      Gauntlet |    758 |    758 |      0 |     28 |    326 |   1 |  758.0 |
               +--------+--------+--------+--------+--------+-----+--------+

Top non-repeatable levels by time:
  Lair:5: 1810 daAuts
  Lair:4: 1297 daAuts
Spider:1: 1240 daAuts
  Lair:1: 1231 daAuts
     D:9: 1179 daAuts
     D:8: 1144 daAuts
    D:15: 1132 daAuts
  Lair:3: 1126 daAuts
    D:11: 986 daAuts
    D:10: 976 daAuts
  Lair:2: 969 daAuts
     D:1: 923 daAuts
    D:14: 868 daAuts
    D:12: 858 daAuts
     D:2: 821 daAuts
